 Dungeon Crawl Stone Soup version 0.25-a0-294-gea9b1ad378 (webtiles) character file.

Game seed: 18271985199126791184, levelgen mode: deterministic

12711 tilp the Severer (level 11, 0/99 HPs)
             Began as a Hill Orc Fighter on Dec 17, 2019.
             Was a Priest of Beogh.
             Engulfed by a death drake's foul pestilence (7 damage)
             ... in a Gauntlet.
             The game lasted 00:27:34 (12917 turns).

tilp the Severer (Hill Orc Fighter)                Turns: 12917, Time: 00:27:35

Health: 0/99       AC: 18    Str: 23    XL:     11   Next: 97%
Magic:  15/15      EV:  6    Int:  8    God:    Beogh [***...]
Gold:   1212       SH: 11    Dex: 10    Spells: 10/10 levels left

rFire    . . .     SeeInvis +   a - +3 war axe
rCold    . . .     Gourm    .   c - +0 shield
rNeg     . . .     Faith    .   D - +0 plate armour
rPois    .         Spirit   .   s - +2 hat
rElec    .         Reflect  .   (no cloak)
rCorr    .         Harm     .   u - +1 pair of gloves
MR       .....     NoTele   +   k - +2 pair of boots {run}
Stlth    ..........             x - amulet of the acrobat
HPRegen  0.26/turn              n - ring of see invisible
MPRegen  0.14/turn              (no ring)

@: lethally poisoned (0 -> -22), hasted and slowed, lightly drained, quick
A: no striking features
a: Smiting, Renounce Religion


You were in a Gauntlet.
You worshipped Beogh.
Beogh was most pleased with you.
You were not hungry.

You visited 1 branch of the dungeon, and saw 12 of its levels.
You also visited: Bailey and Gauntlet.

You collected 1212 gold pieces.

Inventory:

Hand Weapons
 a - a +3 war axe (weapon)
 t - the +2 morningstar "Numal" {protect, rElec}
   (You found it on level 8 of the Dungeon)

   It grants its wielder temporary protection when it strikes (+7 to AC).
   It insulates you from electricity.
 H - a +0 broad axe
Missiles
 y - 3 boomerangs (quivered)
 C - 4 throwing nets
Armour
 c - a +0 shield (worn)
 k - a +2 pair of boots of running (worn)
 s - a +2 hat (worn)
 u - a +1 pair of gloves (worn)
 w - a +0 helmet
 D - a +0 plate armour (worn)
Jewellery
 n - a ring of see invisible (left hand)
 x - an amulet of the acrobat (around neck)
 F - a +3 amulet of reflection {unknown}
Wands
 h - a wand of digging (7)
 v - a wand of flame (28)
 z - a wand of disintegration (2)
 B - a wand of random effects (8)
Scrolls
 b - a scroll of teleportation
 e - 8 scrolls of identify
 i - 6 scrolls of amnesia
 j - 3 scrolls of enchant weapon
 m - a scroll of blinking
 o - a scroll of fog
 E - 5 scrolls of remove curse
Potions
 d - 2 potions of might
 g - 2 potions of mutation
 q - 2 potions of haste
 r - 2 potions of agility
 A - 2 potions of ambrosia
 G - a potion of brilliance
 I - a potion of resistance {unknown}
Comestibles
 f - 15 rations


   Skills:
 - Level 10.0(9.8) Fighting
 - Level 16.6(16.5) Axes
 - Level 3.2(3.1) Armour
 - Level 4.0(3.8) Dodging
 - Level 8.1(7.9) Shields
 + Level 6.0(5.9) Invocations
 - Level 4.0(3.8) Evocations


You had 10 spell levels left.
You didn't know any spells.
Your spell library contained the following spells:

 Spells                   Type           Power        Failure   Level  Hunger
 Beastly Appendage        Tmut           #.....       100%        1    ##.....
 Confusing Touch          Hex            #.....       100%        1    ##.....
 Infusion                 Chrm           #...         100%        1    ##.....
 Poisonous Vapours        Pois/Air       #.....       100%        2    ###....
 Shroud of Golubria       Chrm/Tloc      #.....       100%        2    ###....
 Song of Slaying          Chrm           #.......     100%        2    ###....
 Sticks to Snakes         Tmut           #.......     100%        2    ###....
 Confuse                  Hex            #.......     100%        3    ####...
 Conjure Flame            Conj/Fire      #.......     100%        3    ####...
 Gell's Gravitas          Tloc           #.........   100%        3    ####...
 Mephitic Cloud           Conj/Pois/Air  #.......     100%        3    ####...
 Regeneration             Chrm/Necr      #.........   100%        3    ####...
 Spectral Weapon          Hex/Chrm       #.......     100%        3    ####...
 Spider Form              Tmut/Pois      #.........   100%        3    ####...
 Ice Form                 Ice/Tmut       #.......     100%        4    #####..
 Petrify                  Tmut/Erth      #.......     100%        4    #####..
 Blade Hands              Tmut           #.........   100%        5    ######.
 Metabolic Englaciation   Hex/Ice        #.........   100%        5    ######.
 Yara's Violent Unravell  Hex/Tmut       #.........   100%        5    ######.
 Freezing Cloud           Conj/Ice/Air   #.........   100%        6    #######
 Ring of Flames           Chrm/Fire      #.........   100%        7    #######


Dungeon Overview and Level Annotations

Branches:
Dungeon (12/15)            Temple (0/1) D:6            Lair (0/6) D:11
    Orc (0/2) D:9          Bailey (visited)         Gauntlet (1/1)

Altars:
Ashenzari
Dithmenos
Makhleb
Okawaru
Qazlal
Trog

Shops:
D:8 }

Annotations:
D:4 1 runed translucent door, Crazy Yiuf Gauntlet 7 transporters, 15 runed translucent doors


Message History

You hit the death drake.
The death drake is heavily wounded.
You hit the spectral centaur warrior.
You are engulfed in dark miasma.
You are more poisoned.
You feel your flesh rotting away!
You feel ill.
* * * LOW HITPOINT WARNING * * *
x2 You feel very sick.
The death drake bites you but does no damage.
You block the spectral centaur warrior's attack.
You feel better.
You are engulfed in dark miasma.
You are poisoned.
You feel your flesh rotting away!
You feel as though you will be slow longer.
* * * LOW HITPOINT WARNING * * *
x2 You feel sick.
You block the death drake's attack. The spectral centaur warrior hits you.
* * * LOW HITPOINT WARNING * * *
Unknown command.
You feel better.
You are engulfed in dark miasma.
You are lethally poisoned!
You die...

.#....≈....#.©.#.....#
.#...§8§...#...#.8...###
.#...§≈....#.©.#.....#8#
#####...###########..###
≈≈ss#...#..+.©.'..#..#
..≈.#...#..+...'..#..###
≈.≈.#...#++#+#+#''#..#8#
.≈.≈#...#..+...+..#..###
≈..≈#...#..+...+@.#..#
≈.≈.#...#++#...#Zk#..###
.≈≈.#...#..#+++#ZZ#..#8#
..≈.#...#.........#..###
[≈.(#...#..==©.(..#..#
#####...###########..###
.....................#8#
.....≈∩≈............≈###
######################


You could see a death drake, 2 spectral centaur warriors and a centaur warrior
zombie.

Vanquished Creatures
  A hydra (D:9)
  2 unseen horrors
  An orc knight (Bailey)
  3 centaur skeletons
  A komodo dragon (D:11)
  3 meliai
  A troll (D:11)
  2 hippogriffs
  2 dream sheep (D:9)
  2 wyverns
  A shadow (D:11)
  6 yaks
  A steam dragon (D:8)
  A wraith (D:11)
  2 sky beasts
  2 black bears (D:11)
  A hornet zombie (D:11)
  7 orc warriors
  2 ice beasts
  3 necrophages
  An eye of draining (D:12)
  2 phantoms
  2 ogres
  9 centaurs
  A crocodile (D:11)
  5 big kobolds
  Blork the orc (D:4)
  7 bullfrogs
  A water moccasin zombie (D:8)
  A scorpion (D:11)
  10 killer bees (D:10)
  4 wights (D:11)
  4 crimson imps
  2 quasits (D:7)
  2 centaur zombies
  7 hounds
  3 orc priests
  7 orc wizards
  4 bullfrog skeletons
  3 iguanas
  Ijyb (D:5)
  9 worker ants
  A hound skeleton (D:6)
  3 worker ant zombies
  Robin (D:3)
  5 gnolls
  9 adders
  5 shadow imps
  2 oozes
  3 adder skeletons
  A worm (D:3)
  4 leopard geckos
  30 orcs
  11 giant cockroaches
  31 goblins
  14 hobgoblins
  21 jackals
  6 quokkas
  3 ball pythons
  6 bats
  3 frilled lizards
  20 kobolds
  2 quokka skeletons
  8 rats
319 creatures vanquished.

Vanquished Creatures (collateral kills)
  A deep elf mage (D:12)
  A sky beast (D:12)
  2 bullfrogs
  A hound (D:12)
  An iguana (D:12)
  A gnoll (Bailey)
  An orc (D:11)
  5 kobolds (Bailey)
13 creatures vanquished.

Vanquished Creatures (others)
  An orc warrior (D:11)
  4 orcs
  A plant (D:11)
6 creatures vanquished.

Grand Total: 338 creatures vanquished

Notes
Turn   | Place    | Note
-------+----------+-------------------------------------------
     0 | D:1      | tilp the Hill Orc Fighter began the quest for the Orb.
     0 | D:1      | Reached XP level 1. HP: 19/19 MP: 1/1
    12 | D:1      | Reached skill level 3 in Axes
   105 | D:1      | Reached XP level 2. HP: 24/26 MP: 2/2
   273 | D:1      | Reached skill level 4 in Axes
   978 | D:2      | Reached XP level 3. HP: 28/31 MP: 3/3
  1062 | D:2      | Reached skill level 5 in Axes
  1282 | D:2      | Reached XP level 4. HP: 39/39 MP: 4/4
  1362 | D:2      | Reached skill level 6 in Axes
  1604 | D:2      | Found an iron altar of Okawaru.
  1734 | D:2      | Found a shadowy altar of Dithmenos.
  2136 | D:3      | Reached skill level 7 in Axes
  2136 | D:3      | Reached XP level 5. HP: 30/45 MP: 5/5
  2564 | D:3      | Found a bloodstained altar of Trog.
  3031 | D:4      | Noticed Robin
  3196 | D:4      | Reached skill level 8 in Axes
  3196 | D:4      | Reached XP level 6. HP: 50/51 MP: 6/6
  3275 | D:3      | Killed Robin
  3393 | D:4      | Noticed Blork the orc
  3399 | D:4      | Killed Blork the orc
  3399 | D:4      | Reached skill level 9 in Axes
  3556 | D:4      | Found a runed translucent door.
  3557 | D:4      | Noticed Crazy Yiuf
  3789 | D:5      | Entered Level 5 of the Dungeon
  3821 | D:5      | Reached XP level 7. HP: 23/57 MP: 7/7
  4083 | D:5      | Reached skill level 10 in Axes
  4378 | D:5      | Noticed a hippogriff
  4388 | D:5      | Killed a hippogriff
  4388 | D:5      | Reached skill level 11 in Axes
  4492 | D:5      | Noticed Ijyb
  4517 | D:5      | Killed Ijyb
  4544 | D:5      | Reached XP level 8. HP: 64/64 MP: 8/8
  4859 | D:5      | Got an ebony short sword
  5025 | D:6      | Became a worshipper of Beogh the Brigand
  5076 | D:6      | Reached skill level 12 in Axes
  5433 | D:6      | Found a staircase to the Ecumenical Temple.
  5763 | D:6      | Reached * piety under Beogh
  5980 | D:6      | Identified the cursed +0 short sword "Eryim" {drain, rF-
                  | Int+7} (You found it on level 5 of the Dungeon)
  6053 | D:7      | Reached skill level 13 in Axes
  6373 | D:7      | Reached skill level 14 in Axes
  6373 | D:7      | Reached XP level 9. HP: 68/70 MP: 9/9
  7331 | D:8      | Reached skill level 15 in Axes
  7352 | D:8      | You fall into a shaft and drop 3 floors!
  7368 | D:10     | Entered Level 10 of the Dungeon
  7625 | D:10     | Reached ** piety under Beogh
  7735 | D:10     | Noticed an unseen horror
  7752 | D:10     | Killed an unseen horror
  7752 | D:10     | Reached skill level 16 in Axes
  7804 | D:10     | Reached XP level 10. HP: 73/78 MP: 10/10
  7836 | D:10     | Reached skill level 1 in Dodging
  8105 | D:8      | Got a polished morningstar
  8165 | D:8      | Found a shattered altar of Ashenzari.
  8165 | D:8      | Found a burning altar of Makhleb.
  8188 | D:8      | Identified the +2 morningstar "Numal" {protect, rElec} (You
                  | found it on level 8 of the Dungeon)
  8270 | D:8      | Found Ziraet's Gadget Emporium.
  8278 | D:8      | Reached skill level 5 in Fighting
  8594 | D:9      | Reached skill level 5 in Shields
  8647 | D:9      | Noticed a three-headed hydra
  8660 | D:9      | Killed a three-headed hydra
  8889 | D:9      | Found a staircase to the Orcish Mines.
  9297 | D:9      | Reached XP level 11. HP: 86/92 MP: 11/11
  9358 | D:10     | Found a stormy altar of Qazlal.
  9531 | D:10     | Reached *** piety under Beogh
 10630 | D:11     | Found a staircase to the Lair.
 11098 | D:11     | Noticed an unseen horror
 11105 | D:11     | Killed an unseen horror
 11167 | D:11     | Reached skill level 10 in Fighting
 11191 | D:11     | Reached skill level 1 in Invocations
 11212 | D:11     | Reached skill level 1 in Evocations
 11756 | D:11     | Reached **** piety under Beogh
 11900 | D:12     | Found a flagged portal.
 11914 | Bailey   | Entered a bailey
 11926 | Bailey   | Gained Morun as an ally
 11970 | Bailey   | Identified a +2 pair of boots of running (You found it in a
                  | bailey)
 12031 | Bailey   | Noticed an orc knight
 12041 | Bailey   | Killed an orc knight
 12042 | Bailey   | Found a bloodstained altar of Trog.
 12152 | D:12     | Noticed a deep elf mage
 12160 | D:12     | Killed a deep elf mage
 12160 | D:12     | Reached skill level 5 in Invocations
 12162 | D:12     | Found a gate leading to a gauntlet.
 12173 | Gauntlet | Entered a Gauntlet
 12173 | Gauntlet | Found a transporter.
 12173 | Gauntlet | Found a transporter.
 12173 | Gauntlet | Found a transporter.
 12173 | Gauntlet | Noticed a worldbinder
 12173 | Gauntlet | Noticed a soul eater
 12264 | Gauntlet | Found a transporter.
 12268 | Gauntlet | Found a transporter.
 12278 | Gauntlet | Noticed a green death
 12280 | Gauntlet | Found a transporter.
 12282 | Gauntlet | Found a transporter.
 12284 | Gauntlet | Found a large runed translucent door.
 12285 | Gauntlet | Found a large runed translucent door.
 12286 | Gauntlet | Found a large runed translucent door.
 12286 | Gauntlet | Found a large runed translucent door.
 12286 | Gauntlet | Found a runed translucent door.
 12286 | Gauntlet | Found a runed translucent door.
 12287 | Gauntlet | Found a large runed translucent door.
 12288 | Gauntlet | Found a large runed translucent door.
 12289 | Gauntlet | Found a large runed translucent door.
 12289 | Gauntlet | Found a large runed translucent door.
 12290 | Gauntlet | Found a runed translucent gate.
 12290 | Gauntlet | Found a runed translucent gate.
 12290 | Gauntlet | Found a runed translucent gate.
 12291 | Gauntlet | Noticed a death drake
 12292 | Gauntlet | Found a transporter.
 12301 | Gauntlet | Found a large runed translucent door.
 12301 | Gauntlet | Found a large runed translucent door.
 12302 | Gauntlet | Found a large runed translucent door.
 12303 | Gauntlet | Found a large runed translucent door.
 12310 | Gauntlet | Noticed a wolf spider
 12313 | Gauntlet | Found a large runed translucent door.
 12313 | Gauntlet | Found a large runed translucent door.
 12314 | Gauntlet | Found a large runed translucent door.
 12315 | Gauntlet | Found a large runed translucent door.
 12336 | Gauntlet | Found a transporter.
 12381 | Gauntlet | Found a transporter.
 12383 | Gauntlet | Found a transporter.
 12393 | Gauntlet | Found a transporter.
 12393 | Gauntlet | Identified the ring "Uphecu" {rC+ Str+6}
 12393 | Gauntlet | Noticed an entropy weaver
 12916 | Gauntlet | HP: 2/98 [spectral centaur warrior (3)]
 12917 | Gauntlet | Engulfed by a death drake's foul pestilence

Levels and vault maps discovered:
D:1:      dpeg_arrival_shelter, layout_basic, serial_curves, eino_curves_04,
          eino_curves_02
D:2:      kennysheep_the_goblin_king, layout_basic, overflow_temple_1_default,
          okawaru_altar_gauntlet_db
D:3:      layout_loops_ring, overflow_temple_1_default
D:4:      layout_cave_pools, uniq_crazy_yiuf_cottage, uniq_robin,
          uniq_blork_the_orc
D:5:      layout_loops_corners, first_ration, uniq_ijyb
D:6:      cheibrodos_thug_alley, layout_gridville,
          minmay_temple_entry_glassed_door
D:7:      layout_basic
D:8:      layout_gridville, gammafunk_temple_overflow_elements, serial_shops,
          shop, minmay_misc_feat_pillars
D:9:      layout_basic, david_orc_2, hangedman_ranch [blue_anna_fruit_fields]
D:10:     layout_loops_corners, grunt_qazlal_sundering
D:11:     layout_gridville, david_lair_shrubbed, portal_ice_cave_entry_pillars_2
D:12:     layout_long_grid, gauntlet_entry_generic, enter_bailey_3, special_room
          [special_room_orc]
Gauntlet: gammafunk_gauntlet_hard_choice [nicolae_gauntlet_arena_x,
          gammafunk_gauntlet_arena_crates, nicolae_gauntlet_swirl,
          gammafunk_gauntlet_arena_teeth,
          minmay_gauntlet_arena_make_your_own_arena,
          nicolae_gauntlet_arena_flowing_pool, gauntlet_exit_watery]

Skill      XL: |  1  2  3  4  5  6  7  8  9 10 11 |
---------------+----------------------------------+-----
Axes           | 3 4 5 7 8 9 11 14 16 | 16.6
Fighting       | 7 10 | 10.0
Dodging        | 4 |  4.0
Shields        | 6 8 |  8.1
Invocations    | 6 |  6.0
Evocations     | 4 |  4.0
Armour         | |  3.2

Action                   |  1- 3 |  4- 6 |  7- 9 | 10-12 || total
-------------------------+-------+-------+-------+-------++-------
Melee: War axe           |    74 |   225 |   323 |   458 ||  1080
       Unarmed           |       |     9 |       |       ||     9
Throw: Stone             |       |       |     6 |     1 ||     7
Invok: Convert to Beogh  |       |       |     1 |       ||     1
       Smiting           |       |       |       |     9 ||     9
Evoke: Wand              |       |       |     6 |    10 ||    16
  Use: Scroll            |     1 |     4 |    10 |     9 ||    24
       Potion            |       |     1 |       |     9 ||    10
  Eat: Chunk             |     1 |     8 |    13 |    14 ||    36
       Ration            |       |       |       |     1 ||     1
Armor: Scale mail        |    29 |    25 |       |       ||    54
       Chain mail        |       |    88 |    34 |       ||   122
       Plate armour      |       |       |   122 |   206 ||   328
Dodge: Dodged            |    27 |    82 |    78 |   120 ||   307
Block: Shield            |    36 |   101 |   115 |   217 ||   469

Table legend:
 A = Non-vault XP
 B = Vault XP
 C = Vault XP percentage of total XP
 D = Non-vault monster count
 E = Vault monster count
 F = Vault count percentage of total count
                 A         B        C        D         E       F
            +---------+---------+-------+---------+---------+-------
      Total |   13692 |    4467 |  24.6 |     257 |      75 |  22.6
            +---------+---------+-------+---------+---------+-------
        D:1 |      49 |       0 |   0.0 |      19 |       0 |   0.0
        D:2 |      72 |      38 |  34.5 |      22 |      13 |  37.1
        D:3 |     122 |      18 |  12.9 |      33 |       2 |   5.7
        D:4 |     196 |     110 |  35.9 |      13 |      10 |  43.5
        D:5 |     597 |      35 |   5.5 |      17 |       1 |   5.6
        D:6 |     482 |     117 |  19.5 |      19 |      11 |  36.7
        D:7 |     609 |       0 |   0.0 |      13 |       0 |   0.0
        D:8 |    1241 |       0 |   0.0 |      21 |       0 |   0.0
        D:9 |     817 |    2596 |  76.1 |      11 |      15 |  57.7
       D:10 |    4091 |       0 |   0.0 |      42 |       0 |   0.0
       D:11 |    4039 |     372 |   8.4 |      34 |       1 |   2.9
       D:12 |    1377 |       7 |   0.5 |      13 |       4 |  23.5
     Bailey |       0 |     715 | 100.0 |       0 |      14 | 100.0
   Gauntlet |       0 |     459 | 100.0 |       0 |       4 | 100.0
            +---------+---------+-------+---------+---------+-------
